 Dungeon Crawl Stone Soup version 0.26-a0-639-g72c4674329 (webtiles) character file.

Game seed: 2029466213498710510

34477 Peloso the Carver (level 13, -8/103 HPs)
             Began as a Demonspawn Fighter on Sept 17, 2020.
             Was the Champion of Okawaru.
             Mangled by a skeletal warrior
             ... wielding a +0 short sword
             ... led by a skeletal warrior
              (11 damage)
             ... on level 15 of the Dungeon.
             The game lasted 00:41:14 (20317 turns).

Peloso the Carver (Demonspawn Fighter)             Turns: 20317, Time: 00:41:15

Health: -8/103     AC: 21    Str: 23    XL:     13   Next: 42%
Magic:  13/13      EV: 11    Int:  9    God:    Okawaru [******]
Gold:   1222       SH: 13    Dex: 18    Spells: 12/12 levels left

rFire    x . .     SeeInvis +   a - +4 demon blade "Jyfirr" {flame, rElec rN+ Dex+4 SInv}
rCold    + . .     Faith    +   c - +0 kite shield
rNeg     + . .     Spirit   .   O - +4 plate armour of Xoset {Dex+2}
rPois    +         Reflect  .   (no helmet)
rElec    +         Harm     .   u - +1 cloak {rPois}
rCorr    +         Rampage  .   (no gloves)
MR       .....                  (no boots)
Stlth    ..........             N - amulet of faith
HPRegen  0.27/turn              R - ring of ice
MPRegen  0.13/turn              M - ring of resist corrosion

@: hasted, very quick
A: talons 2, repulsion field 2, demonic guardian 2, spiny 1
a: Heroism, Finesse, Renounce Religion


You were on level 15 of the Dungeon.
You worshipped Okawaru.
Okawaru was exalted by your worship.
You visited 3 branches of the dungeon, and saw 20 of its levels.

You collected 1398 gold pieces.
You spent 176 gold pieces at shops.

Inventory:

Hand Weapons
 a - the +4 demon blade "Jyfirr" (weapon) {flame, rElec rN+ Dex+4 SInv}
   (You acquired it on level 1 of the Lair of Beasts)

   It has been specially enchanted to burn those struck by it, causing extra
   injury to most foes and up to half again as much damage against particularly
   susceptible opponents.
   Big, fiery blades are also staple armaments of hydra-hunters.
   It affects your dexterity (+4).
   It insulates you from electricity.
   It protects you from negative energy.
   It lets you see invisible.
 b - the +3 falchion of Discomfort {freeze, *Slow Int+4 Dex+2}
   (Okawaru gifted it to you on level 13 of the Dungeon)

   It has been specially enchanted to freeze those struck by it, causing extra
   injury to most foes and up to half again as much damage against particularly
   susceptible opponents.
   It can also slow down cold-blooded creatures.
   It affects your intelligence (+4).
   It affects your dexterity (+2).
   It may slow you when you take damage.
 P - a +0 hand crossbow of freezing
Armour
 c - a +0 kite shield (worn)
 u - a +1 cloak of poison resistance (worn)
 O - the +4 plate armour of Xoset (worn) {Dex+2}
   (Okawaru gifted it to you on level 2 of the Lair of Beasts)

   It affects your dexterity (+2).
 X - the +0 scale mail of Olao {Regen+ Str+2 Stlth+, unknown}
   (Okawaru gifted it to you on level 4 of the Lair of Beasts)

   It affects your strength (+2).
   It increases your rate of regeneration.
   It makes you more stealthy.
Jewellery
 C - an uncursed ring of poison resistance
 G - an uncursed ring of positive energy
 H - an uncursed ring of protection from fire
 K - an uncursed ring of see invisible
 M - a ring of resist corrosion (right hand)
 N - an amulet of faith (around neck)
 Q - an uncursed ring of positive energy
 R - a ring of ice (left hand)
 W - an uncursed ring of protection from cold {unknown}
 Z - an uncursed ring of stealth {unknown}
Wands
 m - a wand of random effects (24)
 B - a wand of flame (22)
 I - a wand of polymorph (20)
 J - a wand of paralysis (12)
 L - a wand of digging (4)
 S - a wand of enslavement (6)
 T - a wand of disintegration (5)
Scrolls
 f - 9 scrolls of teleportation
 g - 2 scrolls of fog
 h - 4 scrolls of enchant weapon
 j - 2 scrolls of identify
 k - 7 scrolls of remove curse
 l - 3 scrolls of fear {unknown}
 n - 4 scrolls of blinking {unknown}
 o - 2 scrolls of amnesia
 q - 4 scrolls of immolation {unknown}
 s - 3 scrolls of enchant armour
 w - a scroll of brand weapon
 x - 4 scrolls of noise
 y - 3 scrolls of magic mapping
 F - a scroll of acquirement
Potions
 d - 4 potions of might
 e - 4 potions of flight
 i - 2 potions of berserk rage
 p - 3 potions of brilliance
 t - a potion of stabbing
 v - 10 potions of curing
 z - a potion of resistance
 A - 3 potions of haste
 D - a potion of invisibility
 U - 2 potions of cancellation
 V - 9 potions of ambrosia
Miscellaneous
 Y - a tin of tremorstones (3/3)


   Skills:
 + Level 9.8 Fighting
 + Level 12.6 Long Blades
 + Level 10.5 Armour
 + Level 2.8 Dodging
 + Level 3.0 Stealth
 + Level 10.7 Shields
 + Level 1.1 Invocations


You had 12 spell levels left.
You didn't know any spells.
Your spell library contained the following spells:

 Spells                   Type           Power        Failure   Level
 Corona                   Hex            #......      100%        1
 Foxfire                  Conj/Fire      #...         100%        1
 Magic Dart               Conj           #...         100%        1
 Shock                    Conj/Air       #...         100%        1
 Blink                    Tloc           N/A          100%        2
 Corpse Rot               Necr/Air       N/A          100%        2
 Ensorcelled Hibernation  Hex/Ice        #.....       100%        2
 Searing Ray              Conj           #.....       100%        2
 Sublimation of Blood     Necr           #.........   100%        2
 Swiftness                Air            #.......     100%        2
 Confusing Touch          Hex            #.......     100%        3
 Conjure Flame            Conj/Fire      #.......     100%        3
 Dazzling Flash           Conj/Hex       #.....       100%        3
 Gell's Gravitas          Tloc           #.........   100%        3
 Inner Flame              Hex/Fire       #.......     100%        3
 Lesser Beckoning         Tloc           #.........   100%        3
 Static Discharge         Conj/Air       #.......     100%        3
 Teleport Other           Tloc           #.......     100%        3
 Tukima's Dance           Hex            #.......     100%        3
 Airstrike                Air            #.........   100%        4
 Dispel Undead            Necr           #.......     100%        4
 Fulminant Prism          Conj/Hex       #.........   100%        4
 Ice Form                 Ice/Tmut       #.......     100%        4
 Iskenderun's Mystic Bla  Conj/Tloc      #.......     100%        4
 Passage of Golubria      Tloc           N/A          100%        4
 Sticky Flame             Conj/Fire      #.......     100%        4
 Agony                    Necr           #.......     100%        5
 Bolt of Magma            Conj/Fire/Erth #.........   100%        5
 Excruciating Wounds      Necr           #.........   100%        5
 Fireball                 Conj/Fire      #.........   100%        5
 Iskenderun's Battlesphe  Conj           #.......     100%        5
 Lightning Bolt           Conj/Air       #.........   100%        5
 Metabolic Englaciation   Hex/Ice        #.........   100%        5
 Freezing Cloud           Conj/Ice/Air   #.........   100%        6
 Iron Shot                Conj/Erth      #.........   100%        6
 Ozocubu's Refrigeration  Ice            #.........   100%        6
 Simulacrum               Ice/Necr       #.........   100%        6
 Orb of Destruction       Conj           #.........   100%        7
 Spellforged Servitor     Conj/Summ      #.........   100%        7


Dungeon Overview and Level Annotations

Branches:
Dungeon (13/15)            Temple (1/1) D:7            Lair (5/6) D:9
 Shoals (0/4) Lair:3       Spider (0/4) Lair:2          Orc (0/2) D:10
 Depths (0/5) D:15
  Slime: Lair:5-6    Vaults: D:13-14

Altars:
Ashenzari
Cheibriados
Dithmenos
Elyvilon
Fedhas
Gozag
Hepliaklqana
Kikubaaqudgha
Makhleb
Nemelex Xobeh
Okawaru
Qazlal
Ru
Sif Muna
Trog
Uskayaw
Vehumet
Wu Jian
Xom
Yredelemnul
Zin
The Shining One

Shops:
D:6 *

Portals:
Trove: D:15 (give 7 scrolls of blinking)
Gauntlet: D:15


Innate Abilities, Weirdness & Mutations

You have razor-sharp toenails.
You are surrounded by a moderate repulsion field. (EV +3)
A demonic guardian rushes to your aid.
You are partially covered in sharp spines.


Message History

The cyclops closely misses you.
You riposte.
You hit the cyclops but do no damage.
The cyclops is almost dead.
You block the yaktaur's attack.
Unknown command.
You slash the cyclops! You burn the cyclops.
You kill the cyclops!
Okawaru accepts your kill. You block the centaur's attack.
The centaur unwields a +0 shortbow.
The centaur is struck by your spines.
The centaur hits you but does no damage.
The skeletal warrior hits you with a +0 scimitar!
* * * LOW HITPOINT WARNING * * *
The centaur shoots an arrow.
The arrow hits you but does no damage.
You barely miss the hippogriff.
The hippogriff is heavily wounded.
The centaur shoots an arrow.
You block the arrow.
The skeletal warrior is struck by your spines.
The skeletal warrior hits you with a +0 short sword!
You die...

*,,,,,,,,,,,,,,,,,,,,,,,,,
*,,,,,,..........*,,,*****
****+**#.........,,,,*****
#,,,+......'',,,,,,,,,,
#.###......##,,,,***,,,
*****##.#.(.∩.....#,,,,* *,,,
*,,,,.......zc(...#,,,,***,,,
*,**,.....zHzz....#,,,,,,,,,,
*,**,.....xc@Wz...#,,,,,,,,,,
*,**,......c(cc...#,,,,,,,,,,
*,**,......lcc....##*,,,,,,^,
*,**,.......().....#*,,,,,,,,
*,***####.(.((.....#*,,,,,,,,
*,* #....(.(......#*,,,,,,,,
*,***#....(.(........,,,,,,,,
*,,,,................,,,****≈
*****#......(##......,*****≈≈


You could see 5 skeletal warriors, a komodo dragon, 2 yaktaurs, a hippogriff, an
unseen horror (invisible), a wraith and 5 centaurs.

Vanquished Creatures
  A hydra (Lair:1)
  2 centaur warriors
  A two-headed ogre (D:8)
  An unseen horror (D:10)
  An oklob plant (Lair:5)
  An ugly thing (D:13)
  A cyclops (D:15)
  3 elephants (Lair:2)
  2 black mambas
  A merfolk siren (Lair:3)
  10 cane toads
  7 komodo dragons
  A kobold demonologist (D:12)
  2 rime drakes
  A yaktaur (D:15)
  2 polar bears
  4 trolls
  A hornet (D:8)
  A harpy zombie (D:13)
  A queen bee (Lair:3)
  3 hippogriffs
  7 blink frogs
  A redback (Lair:2)
  Sigmund (D:5)
  A vampire (D:10)
  A wraith (D:13)
  14 yaks
  A basilisk (Lair:3)
  2 wyverns
  2 steam dragons
  A fire elemental (D:13)
  7 water moccasins
  9 porcupines
  3 orc warriors
  3 sky beasts
  2 ice beasts (D:13)
  5 phantoms
  2 black bears (Lair:1)
  An eye of draining (D:13)
  3 ogres
  9 centaurs
  5 wolves (Lair:1)
  6 crocodiles
  2 big kobolds
  10 bullfrogs
  A wyvern zombie (D:6)
  Blork the orc (D:6)
  3 scorpions
  26 killer bees
  7 wights
  An electric eel (Lair:2)
  4 howler monkeys
  2 centaur zombies
  A bullfrog zombie (D:11)
  2 quasits
  3 bullfrog skeletons
  5 jellies
  3 orc priests
  6 hounds
  Crazy Yiuf (D:5)
  5 iguanas
  7 orc wizards
  4 centaur skeletons
  10 worker ants
  A hound zombie (D:11)
  3 hound skeletons
  A worker ant zombie (D:7)
  A howler monkey skeleton (D:10)
  14 adders
  3 shadow imps
  2 white imps
  2 ufetubi
  An adder zombie (D:7)
  An adder skeleton (D:9)
  3 worms
  A dart slug (D:4)
  9 leopard geckos
  31 orcs
  5 giant cockroaches
  5 goblins
  8 hobgoblins
  16 jackals
  3 quokkas
  14 bats
  A frilled lizard (D:2)
  14 kobolds
  A leopard gecko skeleton (D:9)
  7 rats
  A butterfly (Lair:5)
385 creatures vanquished.

Vanquished Creatures (collateral kills)
  2 hydras
  A wolf spider zombie (D:12)
  2 ugly things
  3 oklob plants (Lair:5)
  2 elephants (Lair:2)
  3 centaur skeletons
  5 blink frogs
  2 hippogriffs (D:13)
  15 yaks
  A basilisk (Lair:5)
  A water moccasin (Lair:1)
  A phantom (D:4)
  An ice beast (D:10)
  4 centaurs
  A wolf (Lair:1)
  3 bullfrogs
  13 killer bees
  A howler monkey (D:13)
  An orc wizard (D:7)
  2 bullfrog skeletons
  A white imp (D:10)
  A leopard gecko (D:5)
  3 orcs
69 creatures vanquished.

Vanquished Creatures (others)
  9 fungi
  22 plants
31 creatures vanquished.

Grand Total: 485 creatures vanquished

Notes
Turn   | Place    | Note
-------+----------+-------------------------------------------
     0 | D:1      | Peloso the Demonspawn Fighter began the quest for the Orb.
     0 | D:1      | Reached XP level 1. HP: 18/18 MP: 1/1
   227 | D:1      | Gained mutation: You are partially covered in sharp spines.
                  | [demonic ancestry]
   227 | D:1      | Reached XP level 2. HP: 21/24 MP: 2/2
  1002 | D:2      | Reached skill level 2 in Long Blades
  1101 | D:2      | Reached XP level 3. HP: 29/29 MP: 3/3
  1451 | D:2      | Gained mutation: A weak demonic guardian rushes to your
                  | aid. [demonic ancestry]
  1451 | D:2      | Reached XP level 4. HP: 33/35 MP: 4/4
  1815 | D:2      | Reached skill level 3 in Long Blades
  2056 | D:3      | Gained mutation: You are surrounded by a mild repulsion
                  | field. (EV +2) [demonic ancestry]
  2056 | D:3      | Reached XP level 5. HP: 41/41 MP: 5/5
  2667 | D:4      | Noticed a phantom
  2686 | D:4      | Killed a phantom
  2875 | D:4      | Gained mutation: You have sharp toenails. [demonic
                  | ancestry]
  2875 | D:4      | Reached XP level 6. HP: 35/48 MP: 6/6
  3043 | D:4      | Reached skill level 4 in Long Blades
  3593 | D:5      | Entered Level 5 of the Dungeon
  3603 | D:4      | Gained mutation: You have razor-sharp toenails. [demonic
                  | ancestry]
  3603 | D:4      | Reached XP level 7. HP: 42/53 MP: 7/7
  3607 | D:4      | Reached skill level 5 in Long Blades
  4112 | D:5      | Reached skill level 1 in Dodging
  4192 | D:5      | Noticed Sigmund
  4448 | D:5      | Killed Sigmund
  4756 | D:5      | Found a hide-covered altar of Uskayaw.
  5102 | D:5      | Found a runed translucent door.
  5103 | D:5      | Noticed Crazy Yiuf
  5185 | D:5      | Killed Crazy Yiuf
  5261 | D:6      | Found Rufithra's General Store.
  5268 | D:6      | Bought 2 potions of curing for 66 gold pieces
  5268 | D:6      | Bought a scroll of remove curse for 33 gold pieces
  5268 | D:6      | Bought a scroll of random uselessness for 11 gold pieces
  5268 | D:6      | Bought a scroll of noise for 11 gold pieces
  5268 | D:6      | Bought a potion of heal wounds for 55 gold pieces
  5301 | D:6      | Reached XP level 8. HP: 61/61 MP: 8/8
  5315 | D:6      | Reached skill level 5 in Armour
  5424 | D:6      | Reached skill level 1 in Stealth
  5518 | D:6      | Reached skill level 5 in Shields
  5727 | D:6      | Noticed Blork the orc
  5737 | D:6      | Reached skill level 6 in Long Blades
  5745 | D:6      | Killed Blork the orc
  6187 | D:6      | Found a shimmering altar of Xom.
  6189 | D:6      | Found a shimmering altar of Xom.
  6190 | D:6      | Found a shimmering altar of Xom.
  6191 | D:6      | Found a shimmering altar of Xom.
  6809 | D:7      | Found a staircase to the Ecumenical Temple.
  6824 | Temple   | Entered the Ecumenical Temple
  6935 | Temple   | Became a worshipper of Warmaster Okawaru
  6988 | D:7      | Noticed a hippogriff
  7008 | D:7      | Reached skill level 7 in Long Blades
  7008 | D:7      | Reached XP level 9. HP: 64/67 MP: 9/9
  7044 | D:7      | Reached skill level 5 in Fighting
  7370 | D:7      | Reached * piety under Okawaru
  7648 | D:8      | Noticed a two-headed ogre
  7669 | D:8      | Killed a two-headed ogre
  7679 | D:8      | Reached ** piety under Okawaru
  7739 | D:8      | Reached skill level 8 in Long Blades
  8049 | D:8      | Paralysed by a hornet for 2 turns
  8411 | D:8      | Gained mutation: A demonic guardian rushes to your aid.
                  | [demonic ancestry]
  8411 | D:8      | Reached XP level 10. HP: 76/76 MP: 10/10
  8632 | D:9      | Found a staircase to the Lair.
  9550 | D:10     | Entered Level 10 of the Dungeon
  9550 | D:10     | Found a staircase to the Orcish Mines.
  9635 | D:10     | Reached *** piety under Okawaru
  9653 | D:10     | Reached skill level 9 in Long Blades
  9878 | D:10     | Killed an unseen horror
 10166 | D:10     | Reached skill level 1 in Invocations
 10247 | D:10     | Reached **** piety under Okawaru
 10689 | D:11     | Noticed a brown ugly thing
 10700 | D:11     | Killed a brown ugly thing
 10700 | D:11     | Reached XP level 11. HP: 83/83 MP: 11/11
 11095 | D:11     | Reached ***** piety under Okawaru
 11498 | D:11     | You fall into a shaft and drop 2 floors!
 11507 | D:13     | Received a gift from Okawaru
 11532 | D:13     | Reached skill level 10 in Long Blades
 11815 | D:13     | Noticed a green ugly thing
 12721 | D:12     | Noticed a cyan ugly thing
 12734 | D:12     | Killed a cyan ugly thing
 13060 | D:12     | Noticed a centaur warrior
 13075 | D:12     | Killed a centaur warrior
 13523 | Lair:1   | Entered Level 1 of the Lair of Beasts
 13547 | Lair:1   | Received a gift from Okawaru
 13875 | Lair:1   | Reached XP level 12. HP: 86/91 MP: 12/12
 13885 | Lair:1   | Got a dazzling falchion
 13886 | Lair:1   | Identified the cursed +0 falchion of Bodily Harmony {flame,
                  | Str+2 Dex+4} (You found it on level 1 of the Lair of
                  | Beasts)
 13943 | Lair:1   | Identified 2 scrolls of acquirement
 14135 | Lair:1   | Noticed a five-headed hydra
 14142 | Lair:1   | Killed a four-headed hydra
 14195 | Lair:1   | Acquired the +4 demon blade "Jyfirr" {flame, rElec rN+
                  | Dex+4 SInv}
 14454 | Lair:1   | Reached skill level 11 in Long Blades
 14547 | Lair:2   | Reached skill level 10 in Shields
 14551 | Lair:2   | Received a gift from Okawaru
 14561 | Lair:2   | Got a spiked plate armour {god gift}
 14572 | Lair:2   | Identified the +4 plate armour of Xoset {Dex+2} (Okawaru
                  | gifted it to you on level 2 of the Lair of Beasts)
 15239 | Lair:2   | Noticed a five-headed hydra
 15245 | Lair:2   | Killed a three-headed hydra
 15245 | Lair:2   | Reached ****** piety under Okawaru
 15298 | Lair:2   | Got a polished short sword
 15299 | Lair:2   | Identified the +4 short sword of the Morning {freeze, +Rage
                  | Dex+6} (You found it on level 2 of the Lair of Beasts)
 15325 | Lair:2   | Found a hole to the Spider Nest.
 16289 | Lair:3   | Received a gift from Okawaru
 16292 | Lair:3   | Reached skill level 10 in Armour
 16825 | Lair:3   | Found a staircase to the Shoals.
 17061 | Lair:4   | Reached skill level 12 in Long Blades
 17070 | Lair:4   | Received a gift from Okawaru
 17075 | Lair:4   | Got a masterwork scale mail {god gift}
 17120 | Lair:4   | Gained mutation: You are surrounded by a moderate repulsion
                  | field. (EV +3) [demonic ancestry]
 17120 | Lair:4   | Reached XP level 13. HP: 101/101 MP: 13/13
 20246 | D:13     | Received a gift from Okawaru
 20257 | D:13     | Got a shimmering falchion {god gift}
 20258 | D:13     | Identified the +3 falchion of Discomfort {freeze, *Slow
                  | Int+4 Dex+2} (Okawaru gifted it to you on level 13 of the
                  | Dungeon)
 20269 | D:13     | You fall into a shaft and drop 2 floors!
 20269 | D:15     | Entered Level 15 of the Dungeon
 20269 | D:15     | Found a portal to a secret trove of treasure.
 20296 | D:15     | Found a gate leading to a gauntlet.
 20316 | D:15     | HP: 3/103 [skeletal warrior/+0 scimitar[a skeletal warrior]
                  | (12)]
 20317 | D:15     | Mangled by a skeletal warrior

Illustrated notes

Levels and vault maps discovered:
D:1:      dpeg_arrival_oval, layout_basic
D:2:      layout_basic, serial_forest, infiniplex_forest_lined_room_2,
          infiniplex_forest_clump_diagonal, infiniplex_forest_3_way,
          infiniplex_forest_clump_diagonal, infiniplex_forest_clump_medium,
          infiniplex_forest_clump_double, infiniplex_forest_end_2
D:3:      layout_rooms, grunt_ministairs_3
D:4:      layout_loops_corners, ebering_dispersal_statue_hall
D:5:      layout_cave_pods, kennysheep_mini, uniq_sigmund,
          uniq_crazy_yiuf_cottage
D:6:      layout_gridville, serial_shops,
          nicolae_shop_temple_entry_statues_fountains, xom_redecorated,
          uniq_blork_the_orc
D:7:      layout_cave_pools, minmay_temple_entry_slanted, serial_rivers,
          chequers_serial_rivers_micro_d, chequers_serial_rivers_large_b,
          chequers_serial_rivers_marsh, chequers_serial_rivers_micro_d,
          chequers_serial_rivers_micro_a, chequers_serial_rivers_micro_d
D:8:      layout_loops_ring
D:9:      layout_basic, lair_entry_dummy
D:10:     layout_rooms, orc_0_dummy
D:11:     layout_grid_maze
D:12:     layout_gridville
D:13:     layout_big_octagon, grunt_vaults_entry_tiered, minivault_5,
          minmay_crystal_room
D:15:     gammafunk_enter_depths_forms, layout_basic, minmay_misc_feat_enclosed,
          nicolae_trove_entry_columns, gauntlet_entry_generic, tgw_lugonu_bribe
Temple:   kilobyte_greek_temple
Lair:1:   layout_roguey, zaba_anthole, beast_lair_carwin_7, grunt_megastairs_4
Lair:2:   layout_small_grid, spider_nest_entry_rubble, serial_bayou_crossing,
          serial_bayou_shore_a, grunt_megastairs_5
Lair:3:   layout_roguey [special_room_bee], minmay_shoals_entry_lonely_mermaid,
          grunt_megastairs_2
Lair:4:   layout_small_grid
Lair:5:   layout_layer_cave, lemuel_fruit_fields, minmay_lair_oklob_chamber

Skill      XL: |  1  2  3  4  5  6  7  8  9 10 11 12 13 |
---------------+----------------------------------------+-----
Shields        | 3 4 5 6 8 9 10 | 10.7
Armour         | 3 4 5 6 7 9 10 | 10.5
Long Blades    | 2 3 4 5 7 8 9 10 12 | 12.6
Fighting       | 4 5 6 7 9 |  9.8
Dodging        | 1 2 |  2.8
Stealth        | 1 2 3 |  3.0
Invocations    | 1 |  1.1

Action                   |  1- 3 |  4- 6 |  7- 9 | 10-12 | 13-15 || total
-------------------------+-------+-------+-------+-------+-------++-------
Melee: Long sword        |   120 |   118 |   289 |   465 |       ||   992
       Kick              |       |    15 |    93 |   258 |    56 ||   422
       Demon blade       |       |       |       |   182 |   112 ||   294
Invok: Heroism           |       |       |     2 |     5 |       ||     7
  Use: Scroll            |     4 |       |     4 |    12 |     2 ||    22
       Potion            |     3 |       |     2 |     1 |     4 ||    10
 Stab: Distracted        |       |       |       |     2 |       ||     2
Armor: Scale mail        |    44 |       |       |       |       ||    44
       Chain mail        |       |    56 |   148 |    26 |       ||   230
       Plate armour      |       |       |       |   284 |    71 ||   355
Dodge: Dodged            |    16 |    23 |   108 |   220 |    57 ||   424
Block: Kite shield       |    41 |    67 |   206 |   444 |    85 ||   843
       Rpst.: Long sword |     7 |    10 |    21 |    42 |       ||    80
       Demon blade       |       |       |       |    20 |    11 ||    31

Table legend: (Time is in decaauts)
 A = Elapsed time spent in this place.
 B = Non-inter-level travel time spent in this place.
 C = Inter-level travel time spent in this place.
 D = Time resting spent in this place.
 E = Time spent auto-exploring this place.
 F = Levels seen in this place.
 G = Mean time per level.
                   A        B        C        D        E       F      G
               +--------+--------+--------+--------+--------+-----+--------+
         Total |  20367 |  19719 |    648 |   1861 |  14357 |  20 | 1018.3 |
       Dungeon |  13643 |  13234 |    409 |   1116 |   9506 |  14 |  974.5 |
        Temple |    155 |    155 |      0 |      0 |     97 |   1 |  155.0 |
          Lair |   6568 |   6329 |    239 |    745 |   4754 |   5 | 1313.6 |
               +--------+--------+--------+--------+--------+-----+--------+

Top non-repeatable levels by time:
  Lair:5: 2176 daAuts
    D:12: 1509 daAuts
     D:4: 1494 daAuts
     D:6: 1462 daAuts
    D:11: 1302 daAuts
  Lair:2: 1261 daAuts
  Lair:3: 1226 daAuts
     D:5: 1199 daAuts
     D:9: 1191 daAuts
     D:2: 1183 daAuts
  Lair:1: 1057 daAuts
     D:8: 918 daAuts
  Lair:4: 846 daAuts
     D:1: 839 daAuts
     D:7: 827 daAuts
